 Seeded DCSS version 0.30-a0-1094-g860fb061e7 (webtiles) character file.

Game seed: 7851298505247932012 (custom seed)

54 Pimp the Trooper (level 3, -4/29 HPs)
             Began as a Demonspawn Fighter on Apr 17, 2023.
             Slain by an ogre
             ... wielding a +0 giant club
              (17 damage)
             ... on level 4 of the Dungeon.
             The game lasted 00:02:44 (1839 turns).

Pimp the Trooper (Demonspawn Fighter)               Turns: 1839, Time: 00:02:44

Health: -4/29      AC:  7    Str: 18    XL:     3   Next: 66%
Magic:  3/3        EV: 11    Int:  9    God:
Gold:   152        SH:  4    Dex: 12    Spells: 2/2 levels left

rFire   . . .      SeeInvis .    a - +0 war axe
rCold   . . .      Faith    .    c - +0 buckler
rNeg    . . .      Spirit   .    b - +0 scale mail
rPois   .          Reflect  .    (no helmet)
rElec   .          Rampage  .    (no cloak)
rCorr   .                        g - +0 pair of gloves {hurl}
Will    .....                    (no boots) Stlth
                                 (no amulet)
HPRegen 0.24/turn                (no ring)
MPRegen 0.08/turn                (no ring)

@: no status effects
A: repulsion field 1
a: no special abilities


You were on level 4 of the Dungeon.
You visited 1 branch of the dungeon, and saw 4 of its levels.

You collected 152 gold pieces.

Inventory:

Hand Weapons
 a - a +0 war axe (weapon)
Missiles
 e - a throwing net (quivered)
Armour
 b - a +0 scale mail (worn)
 c - a +0 buckler (worn)
 g - a +0 pair of gloves of hurling (worn)
Scrolls
 f - a scroll of amnesia
 i - 3 scrolls of teleportation
 m - a scroll of fear {unknown}
 o - a scroll of fog
 p - a scroll of identify {unknown}
 r - a scroll of blinking {unknown}
Potions
 d - 2 potions of might
 h - a potion of heal wounds {unknown}
 j - a potion of degeneration {unknown}
 k - a potion of cancellation {unknown}
 l - 2 potions of berserk rage {unknown}
 n - a potion of invisibility {unknown}
 q - a potion of resistance {unknown}


   Skills:
 + Level 3.4 Fighting
 + Level 2.3 Axes
 + Level 3.1 Armour
 + Level 3.1 Shields


You had 2 spell levels left.
You didn't know any spells.
Your spell library contained the following spells:

 Spells                   Type           Power      Damage    Failure   Level
 Freeze                   Ice            0%         1d3       86%         1
 Magic Dart               Conj           0%         1d3       86%         1
 Call Imp                 Summ           0%         N/A       94%         2
 Frozen Ramparts          Ice            0%         1d1       99%         3
 Hailstorm                Conj/Ice       0%         3d3       99%         3
 Mephitic Cloud           Conj/Pois/Air  0%         N/A       99%         3


Dungeon Overview and Level Annotations

Branches:
Dungeon (4/15)
 Temple: D:4-7

Altars:

Shops:
D:2 (   D:3 =


Innate Abilities, Weirdness & Mutations

You are surrounded by a mild repulsion field. (EV +2)


Message History

You now have 136 gold pieces (gained 11).
You now have 152 gold pieces (gained 16).
r - a scroll labelled ZONAER CILELAT
There is a stone staircase leading down here.
Done exploring.
Done exploring.
Done exploring.
There is a stone staircase leading down here.
You climb downwards.
The goblin shouts!
Found 4 stones.
There is a stone staircase leading up here.
Unknown command.
There are monsters nearby!
You block the goblin's attack.
You closely miss the goblin. The dart slug launches a dart at you.
The slug dart misses you. The goblin hits you but does no damage.
You hit the goblin.
The goblin is moderately wounded.
The goblin hits you but does no damage.
You hit the dart slug.
The dart slug is heavily wounded.
You hit the goblin.
You kill the goblin!
The dart slug bites you but does no damage.
You slash the dart slug!
You kill the dart slug!
Found a whip.
An ogre comes into view. It is wielding a +0 giant club.
Found a curved iron wand.
Found a stone staircase leading up.
The ogre shouts!
An ogre is nearby!
You barely miss the ogre. The ogre hits you with a +0 giant club!
Ouch! That really hurt!
You hit the ogre.
The ogre is moderately wounded.
The ogre hits you with a +0 giant club!
Ouch! That really hurt!
You die...

.. .. ... ..... #####
#.# /...#
######...###+###.##....#
+........#..............
#........#..............
#........#.............#
#........#.............#
#........#......@O.)...#
#.####..###...##.......#
####..###...##.......#
#...........##.......#
#.......<.............
#.......).........<..#
#....................#
#(...+###########+####
#....


You could see an ogre.

Vanquished Creatures
  An adder (D:2)
  2 dart slugs
  4 orcs (D:3)
  2 bats (D:2)
  4 endoplasms
  A giant cockroach (D:1)
  5 goblins
  4 hobgoblins
  4 kobolds
  A quokka (D:1)
  2 ball pythons
  3 frilled lizards
  2 rats
35 creatures vanquished.

Notes
Turn   | Place    | Note
-------+----------+-------------------------------------------
     0 | D:1      | Pimp the Demonspawn Fighter began the quest for the Orb.
     0 | D:1      | Reached XP level 1. HP: 18/18 MP: 1/1
   195 | D:1      | Gained mutation: You are surrounded by a mild repulsion
                  | field. (EV +2) [demonic ancestry]
   195 | D:1      | Reached XP level 2. HP: 21/24 MP: 2/2
   374 | D:1      | Identified a scroll of acquirement
   374 | D:1      | Acquired a +0 pair of gloves of hurling
   571 | D:2      | Found Muinuro's Antique Weapon Boutique.
   721 | D:2      | Reached XP level 3. HP: 29/29 MP: 3/3
  1222 | D:3      | Found a faded altar of an unknown god.
  1387 | D:3      | Found Zusmamos's Jewellery Emporium.
  1834 | D:4      | Noticed an ogre
  1839 | D:4      | Slain by an ogre

Illustrated notes

Levels and vault maps discovered:
D:1:      minmay_arrival_wavy_path, layout_rooms
D:2:      layout_loops_ring, serial_shops, shop
D:3:      layout_rooms, serial_shops, shop, nicolae_ecumenical_oubliette
D:4:      layout_gridville, amethyst_overflow_temple_binary, serial_shops, shop,
          kennysheep_path_1, chequers_serial_rivers_room_a

Skill      XL: |  1  2 |
---------------+-------+-----
Axes           | 2 |  2.3
Armour         | 3 |  3.1
Shields        | 3 |  3.1
Fighting       | |  3.4

Action                     || total
---------------------------++-------
  Melee: War axe           ||    92
    Use: Scroll            ||     6
 Armour: Scale mail        ||    33
  Dodge: Dodged            ||    44
  Block: Buckler           ||    15

Table legend: (Time is in decaauts)
 A = Elapsed time spent in this place.
 B = Non-inter-level travel time spent in this place.
 C = Inter-level travel time spent in this place.
 D = Time resting spent in this place.
 E = Time spent auto-exploring this place.
 F = Levels seen in this place.
 G = Mean time per level.
                   A        B        C        D        E       F      G
               +--------+--------+--------+--------+--------+-----+--------+
         Total |   1878 |   1700 |    178 |      4 |   1361 |   4 |  469.5 |
       Dungeon |   1878 |   1700 |    178 |      4 |   1361 |   4 |  469.5 |
               +--------+--------+--------+--------+--------+-----+--------+

Top non-repeatable levels by time:
     D:2: 841 daAuts
     D:3: 516 daAuts
     D:1: 493 daAuts
     D:4: 26 daAuts
